Map: Ice and Chrome LE

Players

MCanning - Winner!

  • Race: Protoss Protoss
  • Spawn Location: 1:00

Vindicta

  • Race: Terran Terran
  • League: Master
  • Spawn Location: 7:00

Event: DreamHack SC2 Masters 2020 Fall

VOD

Have the link to the VOD?

Description

Time

  • Played on: Sept. 1, 2020, 5:10 p.m.
  • Length: 31:34

All games in this series

Show
View Real Time Build Order
Export as new Build Order

MCanning Protoss - Winner!

Build Orders: 1 Gate Expand, Phoenix Opening 

Get SALT Encoding   

  12  0:00  Probe  
  13  0:12  Probe  
  14  0:17  Pylon  
  14  0:24  Probe  
  15  0:36  Probe (Chrono Boost), Gateway  
  16  0:47  Probe (Chrono Boost), Assimilator  
  17  0:52  Probe (Chrono Boost)  
  18  1:03  Probe  
  19  1:15  Probe  
  19  1:18  Unknown  
  20  1:19  Unknown  
  20  1:20  Unknown  
  20  1:24  Nexus  
  20  1:35  Cybernetics Core  
  20  1:38  Probe  
  21  1:46  Pylon  
  21  1:53  Probe  
  22  1:55  Assimilator  
  22  2:05  Probe  
  23  2:09  Adept (Chrono Boost)  
  25  2:17  Probe  
  26  2:25  Stargate  
  26  2:29  Probe  
  27  2:34  Stalker (Chrono Boost)  
  29  2:39  Probe  
  29  2:41  Probe  
  31  2:51  Probe  
  31  2:53  Probe  
  33  3:03  Probe  
  34  3:05  Probe  
  34  3:07  Phoenix (Chrono Boost)  
  37  3:15  Probe, Pylon  
  37  3:18  Probe  
  39  3:24  Phoenix (Chrono Boost)  
  41  3:27  Probe  
  41  3:30  Probe  
  43  3:40  Probe, Phoenix  
  44  3:42  Probe  
  47  3:52  Probe (Chrono Boost)  
  48  3:56  Probe (Chrono Boost), Gateway  
  48  3:59  Gateway  
  48  4:04  Probe (Chrono Boost)  
  48  4:05  Phoenix  
  52  4:10  Probe (Chrono Boost), Robotics Facility  
  52  4:11  Probe (Chrono Boost)  
  52  4:12  Pylon  
  53  4:18  Probe  
  53  4:20  Assimilator  
  53  4:22  Assimilator  
  53  4:23  Pylon  
  54  4:30  Probe, Phoenix  
  57  4:32  Probe  
  58  4:42  Probe  
  58  4:45  Probe  
  60  4:51  Pylon, Warp Gate (Chrono Boost), Nexus  
  60  4:54  Probe  
  60  4:57  Probe  
  62  5:03  Immortal (Chrono Boost)  
  62  5:04  Sentry  
  62  5:06  Probe  
  69  5:11  Probe  
  63  5:18  Probe  
  64  5:23  Probe  
  65  5:30  Probe (Chrono Boost)  
  67  5:36  Observer  
  67  5:39  Probe (Chrono Boost), Robotics Bay  
  67  5:41  Forge  
  67  5:42  Probe (Chrono Boost)  
  71  5:50  Probe x2 (Chrono Boost), Pylon  
  71  5:53  Pylon  
  71  5:56  Probe  
  71  5:57  Gateway  
  71  5:59  Probe, Gateway  
  71  6:03  Observer (Chrono Boost)  
  74  6:07  Probe  
  74  6:08  Pylon  
  74  6:09  Probe  
  76  6:11  Probe  
  76  6:16  Protoss Ground Weapons Level 1  
  77  6:19  Probe, Shield Battery  
  77  6:21  Probe  
  77  6:23  Probe, Disruptor (Chrono Boost)  
  77  6:24  Gateway  
  80  6:28  Extended Thermal Lance  
  83  6:33  Probe  
  83  6:34  Stalker  
  83  6:38  Pylon  
  86  6:47  Probe  
  86  6:51  Colossus (Chrono Boost)  
  93  6:56  Probe  
  93  6:58  Assimilator  
  94  7:02  Forge, Assimilator  
  94  7:03  Probe  
  94  7:05  Twilight Council  
  94  7:07  Stalker x2  
  99  7:08  Zealot  
  99  7:10  Probe  
  99  7:11  Probe  
  99  7:15  Probe  
  104  7:16  Pylon  
  104  7:19  Pylon  
  104  7:22  Probe  
  104  7:24  Probe  
  104  7:28  Colossus (Chrono Boost)  
  104  7:29  Adept  
  108  7:30  Adept  
  108  7:32  Probe  
  117  7:37  Probe  
  117  7:38  Pylon x2  
  117  7:43  Charge (Chrono Boost), Protoss Ground Armor Level 1 (Chrono Boost)  
  118  7:50  Nexus  
  118  7:54  Probe x2  
  120  8:01  Templar Archives  
  120  8:03  Gateway  
  120  8:07  Stalker, Shield Battery  
  120  8:08  Sentry, Disruptor (Chrono Boost)  
  127  8:17  Zealot x3  
  132  8:24  Pylon x2  
  132  8:28  Zealot  
  132  8:32  Stalker, Pylon  
  132  8:33  Stalker, Disruptor  
  135  8:34  Protoss Ground Weapons Level 2 (Chrono Boost)  
  135  8:45  Zealot x3  
  135  8:47  Probe  
  140  8:49  Probe  
  140  8:53  Zealot  
  143  9:01  Probe  
  144  9:03  Probe  
  144  9:08  Probe  
  144  9:09  Stalker x3, Disruptor  
  155  9:10  Blink (Chrono Boost)  
  155  9:12  Zealot  
  155  9:13  Zealot x2  
  161  9:18  Probe  
  161  9:21  Probe  
  163  9:24  High Templar  
  163  9:25  Assimilator  
  163  9:27  Gateway x2  
  163  9:30  Assimilator  
  165  9:31  Probe  
  165  9:33  Dark Shrine  
  165  9:36  Pylon, High Templar x2  
  170  9:43  Photon Cannon  
  166  9:46  High Templar  
  166  9:47  Zealot x2, Photon Cannon, Archon  
  166  9:49  Probe  
  166  9:52  Archon  
  173  9:54  Probe  
  173  9:56  Zealot x2  
  173  9:58  Disruptor  
  181  10:06  Shield Battery  
  179  10:10  Shield Battery  
  179  10:13  Protoss Ground Armor Level 2 (Chrono Boost)  
  173  10:14  Zealot x2  
  173  10:15  Zealot x2  
  168  10:33  Zealot x2  
  168  10:34  Zealot x4, Disruptor  
  168  10:35  Shadow Stride (Chrono Boost)  
  148  10:43  Robotics Facility  
  148  10:50  Protoss Ground Weapons Level 3 (Chrono Boost)  
  148  10:54  Zealot x3  
  148  10:55  Zealot x4  
  162  10:59  Nexus  
  162  11:01  Pylon  
  162  11:10  Colossus  
  158  11:21  Stalker  
  158  11:22  Stalker x5  
  162  11:37  Probe  
  162  11:39  Stalker x3  
  156  11:44  Probe  
  156  11:50  Dark Templar x2  
  156  11:51  Zealot x4  
  166  12:03  Disruptor  
  166  12:04  Disruptor  
  166  12:05  Gateway  
  166  12:07  Gateway, Dark Templar x2  
  176  12:14  Assimilator  
  176  12:18  Assimilator  
  176  12:23  Probe  
  176  12:29  Probe  
  178  12:31  Stalker  
  178  12:32  Stalker x6  
  192  12:38  Protoss Ground Armor Level 3 (Chrono Boost)  
  192  12:39  Disruptor  
  192  12:40  Disruptor  
  192  12:43  Psionic Storm  
  198  13:03  Stalker x3  
  198  13:04  Stalker x2  
  194  13:12  Zealot x2  
  188  13:13  Zealot  
  188  13:15  Probe x2, Disruptor x2  
  188  13:17  Zealot  
  188  13:19  Probe  
  186  13:21  Probe  
  186  13:24  Probe, Zealot  
  186  13:25  Zealot  
  167  13:27  Probe  
  167  13:28  Probe  
  167  13:31  Probe  
  167  13:32  Phoenix  
  167  13:35  Stalker  
  167  13:40  Probe x2  
  173  13:46  Dark Templar  
  173  13:50  High Templar  
  173  13:51  High Templar  
  173  13:55  Stalker, Photon Cannon  
  173  13:56  Shield Battery  
  173  13:58  High Templar  
  177  14:03  Protoss Shields Level 1 (Chrono Boost)  
  177  14:06  Zealot x2  
  177  14:07  Zealot x2  
  181  14:22  Stalker x4  
  181  14:24  Dark Templar  
  188  14:27  Zealot  
  188  14:29  Probe  
  188  14:31  Probe  
  188  14:32  Probe  
  183  14:49  Protoss Air Weapons Level 1  
  183  14:51  Dark Templar x5  
  191  14:59  Fleet Beacon  
  191  15:00  Probe  
  191  15:06  Observer  
  172  15:15  Stargate  
  172  15:16  Probe  
  172  15:17  Stalker x3  
  172  15:18  Stalker  
  172  15:20  Probe  
  182  15:25  High Templar  
  184  15:29  High Templar  
  184  15:31  Probe  
  188  15:35  Probe  
  188  15:38  Dark Templar  
  188  15:39  Dark Templar x3  
  172  15:50  Stalker x5  
  182  15:58  Stalker  
  184  16:15  Nexus  
  180  16:24  Stalker  
  180  16:25  Stalker x5  
  176  16:27  Probe  
  175  16:32  Protoss Shields Level 2 (Chrono Boost)  
  175  16:34  Probe  
  175  16:38  Carrier (Chrono Boost)  
  172  16:42  High Templar x2  
  182  16:47  Archon  
  182  16:49  Observer  
  182  16:52  Carrier (Chrono Boost)  
  182  16:58  Dark Templar  
  182  17:00  Protoss Air Weapons Level 2  
  182  17:24  Photon Cannon  
  182  17:25  Probe  
  182  17:26  Observer (Chrono Boost)  
  182  17:27  Observer (Chrono Boost)  
  185  17:33  Pylon  
  185  17:35  Carrier (Chrono Boost)  
  189  17:41  Pylon  
  189  17:46  Probe  
  189  17:48  Dark Templar  
  198  17:56  Carrier (Chrono Boost)  
  198  18:03  Probe  
  197  18:16  Photon Cannon  
  197  18:18  Photon Cannon  
  197  18:19  Stargate  
  197  18:24  Dark Templar  
  197  18:26  Photon Cannon  
  199  18:29  Photon Cannon  
  199  18:59  Nexus  
  199  19:00  Assimilator  
  199  19:06  Assimilator  
  199  19:10  Probe  
  199  19:12  Pylon  
  199  19:14  Protoss Shields Level 3 (Chrono Boost)  
  199  19:16  Protoss Air Weapons Level 3 (Chrono Boost)  
  200  19:21  Pylon  
  200  19:23  Observer  
  198  19:24  Pylon  
  195  19:37  Archon  
  192  19:42  Photon Cannon  
  192  19:43  Probe  
  193  19:47  Dark Templar x3  
  199  20:12  Photon Cannon  
  199  20:13  Robotics Facility, Photon Cannon  
  199  20:16  Photon Cannon  
  199  20:22  Observer  
  199  20:28  Photon Cannon  
  193  20:29  Photon Cannon  
  193  20:35  Stalker x2  
  197  20:38  Nexus  
  197  20:39  Pylon  
  197  20:41  Observer  
  198  20:43  Probe  
  198  20:47  Probe  
  198  21:01  Photon Cannon  
  198  21:03  Photon Cannon  
  198  21:04  Photon Cannon  
  198  21:06  Photon Cannon  
  198  21:07  Shield Battery  
  198  21:10  Shield Battery  
  198  21:11  Pylon  
  198  21:12  Probe  
  198  21:15  High Templar  
  199  21:20  Assimilator  
  199  21:24  Assimilator  
  199  21:46  Observer (Chrono Boost)  
  194  21:50  Protoss Air Armor Level 1  
  192  22:08  Carrier  
  198  22:22  Observer  
  194  22:36  Probe  
  192  22:40  Probe  
  192  22:41  Zealot  
  192  22:42  Zealot x2  
  199  22:53  Probe  
  200  23:08  Nexus  
  200  23:10  Pylon  
  200  23:30  Photon Cannon  
  200  23:31  Photon Cannon  
  200  23:33  Photon Cannon  
  200  23:34  Photon Cannon  
  200  23:35  Photon Cannon  
  200  23:38  Assimilator  
  200  23:39  Pylon  
  200  23:40  Assimilator  
  198  23:41  High Templar  
  198  23:42  Shield Battery  
  198  23:43  Shield Battery  
  198  23:45  Gateway, Photon Cannon  
  198  23:47  Gateway  
  200  23:53  Gateway  
  200  23:55  Gateway  
  196  23:57  Gateway  
  196  24:01  Archon  
  194  24:02  Gateway  
  194  24:04  Probe  
  194  24:06  Gateway  
  194  24:18  Stalker x3  
  200  24:24  Protoss Air Armor Level 2 (Chrono Boost)  
  200  24:30  Pylon  
  200  24:32  Photon Cannon  
  200  24:43  Stargate x2  
  200  24:47  Pylon  
  196  25:15  Zealot x2  
  196  26:02  Gravitic Boosters  
  196  26:05  Observer  
  197  26:25  Stalker  
  199  26:27  Probe  
  199  26:32  Pylon  
  190  26:40  Observer  
  190  26:45  Probe  
  190  26:46  Stalker x5  
  199  26:48  Probe  
  199  26:55  Stalker  
  199  26:59  Gravitic Drive  
  198  27:09  Probe  
  198  27:11  Nexus  
  198  27:13  Probe  
  198  27:14  Pylon  
  193  27:35  Stalker x2  
  193  27:36  Stalker x3  
  171  27:40  Zealot x2, Dark Templar x3  
  171  27:41  Zealot x4  
  171  27:42  Zealot x2  
  182  27:55  Carrier  
  182  27:56  Disruptor  
  182  27:58  Stalker x2  
  176  28:01  Probe  
  175  28:09  Tempest  
  158  28:14  Dark Templar x5  
  158  28:15  Dark Templar x6  
  158  28:16  Dark Templar x3  
  184  28:23  Carrier  
  184  28:24  Dark Templar x3  
  196  28:28  Assimilator  
  195  28:38  Carrier  
  199  28:52  Photon Cannon  
  199  28:54  Photon Cannon  
  199  28:56  Photon Cannon  
  199  28:58  Photon Cannon  
  199  29:00  Shield Battery  
  199  29:02  Shield Battery  
  195  29:05  Pylon  
  193  29:18  Stalker  
  193  29:19  Stalker x2  
  193  29:21  Photon Cannon  
  193  29:23  Photon Cannon  
  199  29:27  Photon Cannon, Nexus  
  199  29:30  Photon Cannon  
  199  29:31  Photon Cannon  
  199  29:32  Photon Cannon  
  199  29:34  Shield Battery  
  199  29:36  Photon Cannon  
  199  29:37  Shield Battery  
  199  29:38  Photon Cannon  
  199  29:39  Shield Battery  
  199  29:41  Pylon  
  199  30:05  Stalker, Disruptor (Chrono Boost)  
  199  30:06  Stalker x4, Disruptor (Chrono Boost)  
  199  30:07  Stalker x5  
  174  30:11  Probe  
  185  30:16  Zealot x3  
  185  30:17  Pylon  
  185  30:22  Shield Battery  
  185  30:23  Shield Battery  
  185  30:24  Photon Cannon  
  185  30:25  Disruptor  
  185  30:26  Shield Battery  
  185  30:28  Probe, Pylon  
  183  30:29  Zealot x4  
  183  30:30  Zealot x5  
  183  30:33  Probe  
  200  30:41  Probe, Photon Cannon  
  199  30:43  Photon Cannon  
  199  30:44  Photon Cannon  
  199  30:45  Shield Battery  
  199  30:46  Dark Templar  
  199  30:47  Shield Battery  
  199  30:49  Shield Battery  
  195  30:53  Pylon  
  191  31:03  Dark Templar  
  191  31:04  Dark Templar x3  
  199  31:18  Pylon  
  196  31:25  Pylon  
Show
View Real Time Build Order
Export as new Build Order

Vindicta Terran 

Build Orders: Reaper Expand 

Get SALT Encoding   

  12  0:00  SCV  
  13  0:15  SCV  
  13  0:20  Supply Depot  
  14  0:27  SCV  
  15  0:41  SCV  
  16  0:42  Barracks  
  16  0:46  Refinery  
  16  0:53  SCV  
  17  1:05  SCV  
  18  1:17  SCV  
  19  1:30  Reaper, Orbital Command  
  20  1:34  Unknown  
  20  1:35  Unknown  
  20  1:36  Unknown  
  20  1:49  Command Center  
  20  1:56  SCV  
  20  1:59  Supply Depot  
  21  2:05  Marine  
  22  2:08  SCV  
  23  2:17  Factory  
  23  2:21  SCV  
  24  2:24  Bunker  
  24  2:27  Barracks Reactor  
  24  2:33  SCV  
  24  2:36  Refinery  
  25  2:45  SCV  
  26  2:57  SCV  
  27  3:01  Hellion  
  27  3:02  Starport  
  27  3:04  Orbital Command  
  27  3:05  Marine  
  30  3:08  Marine  
  31  3:15  SCV  
  31  3:18  Supply Depot  
  32  3:23  Marine, Factory Tech Lab  
  32  3:26  Marine  
  34  3:28  Widow Mine  
  34  3:30  SCV  
  34  3:32  SCV  
  38  3:38  Medivac  
  40  3:42  SCV, Marine  
  40  3:43  Marine  
  42  3:50  SCV, Widow Mine  
  45  3:57  SCV  
  45  3:59  Supply Depot, Marine  
  45  4:01  Marine  
  45  4:02  SCV  
  49  4:09  Barracks  
  49  4:12  Factory Tech Lab  
  49  4:13  Viking  
  49  4:17  Marine  
  49  4:18  SCV x2  
  52  4:25  Marine  
  52  4:29  Command Center  
  52  4:30  SCV  
  54  4:32  Cyclone  
  54  4:34  SCV  
  58  4:39  Supply Depot  
  58  4:43  SCV  
  58  4:46  Viking  
  58  4:47  Marine x2  
  62  4:57  Supply Depot  
  62  5:01  SCV x2  
  64  5:07  Cyclone, Barracks  
  64  5:08  Barracks  
  64  5:13  SCV x2  
  69  5:20  Refinery  
  69  5:23  Refinery  
  69  5:25  Starport Tech Lab  
  69  5:27  Engineering Bay x2, Marine x2  
  71  5:32  SCV x2  
  67  5:44  SCV x2  
  67  5:45  Marine  
  67  5:49  Factory Tech Lab  
  70  5:50  Supply Depot  
  70  5:51  Orbital Command  
  70  5:54  Terran Infantry Weapons Level 1, Terran Infantry Armor Level 1  
  70  5:56  SCV, Starport Reactor  
  71  5:58  SCV  
  72  6:07  Combat Shield, Stimpack  
  72  6:08  SCV, Marauder  
  72  6:09  Marauder  
  77  6:17  SCV x2, Missile Turret  
  79  6:23  Siege Tank  
  79  6:25  Supply Depot, Missile Turret  
  82  6:27  Marine  
  82  6:28  Marine  
  82  6:29  Orbital Command  
  82  6:31  Marauder  
  86  6:32  Missile Turret  
  86  6:34  Medivac  
  86  6:37  Medivac  
  86  6:38  SCV x2  
  92  6:40  Marine  
  93  6:51  SCV x2, Marine x2  
  96  6:56  SCV  
  96  6:57  Orbital Command  
  96  6:58  Marauder  
  96  6:59  Supply Depot  
  99  7:04  SCV x2, Missile Turret, Siege Tank  
  99  7:08  Marauder  
  106  7:09  Supply Depot  
  106  7:14  Viking  
  109  7:17  SCV  
  109  7:21  Viking  
  111  7:24  SCV, Barracks x2  
  111  7:29  Marauder  
  116  7:31  SCV x2  
  116  7:34  Refinery  
  116  7:35  Refinery  
  116  7:36  Marine  
  119  7:37  SCV  
  119  7:39  Supply Depot  
  119  7:42  Supply Depot  
  119  7:43  SCV x2  
  119  7:47  Siege Tank  
  119  7:49  SCV  
  119  7:50  Marauder  
  125  8:00  SCV x2, Marine x3, Liberator  
  125  8:03  Liberator  
  125  8:04  SCV  
  137  8:06  Supply Depot  
  137  8:08  Armory  
  137  8:11  Marauder  
  139  8:16  Supply Depot  
  139  8:18  Marauder, Marine x2  
  140  8:23  Barracks Reactor, Barracks Tech Lab  
  131  8:29  SCV, Siege Tank  
  131  8:33  Marauder  
  137  8:35  Marine x2  
  137  8:39  Supply Depot  
  137  8:40  Marauder  
  141  8:43  Medivac  
  141  8:46  Medivac  
  141  8:47  Marauder  
  145  8:53  Marine x2  
  145  8:54  Marauder  
  149  8:59  Terran Infantry Weapons Level 2  
  149  9:00  Marine  
  149  9:01  Command Center  
  150  9:08  Terran Infantry Armor Level 2, Sensor Tower  
  150  9:11  Ghost Academy  
  150  9:13  Marine x2, Siege Tank  
  150  9:15  Marine  
  158  9:19  Marine  
  158  9:21  Supply Depot  
  158  9:23  SCV  
  159  9:24  Liberator  
  159  9:26  Marine  
  159  9:30  SCV x2  
  162  9:33  Terran Vehicle Weapons Level 1, Marine  
  162  9:34  Marine  
  164  9:38  Marine  
  164  9:42  Supply Depot  
  164  9:43  SCV, Marine, Liberator  
  172  9:46  Ghost  
  172  9:51  Marine  
  173  9:56  SCV, Supply Depot, Marauder, Siege Tank  
  179  10:01  Missile Turret  
  174  10:12  SCV  
  169  10:14  Viking, Marine  
  169  10:16  Ghost  
  169  10:19  Ghost  
  176  10:28  Barracks  
  169  10:30  Marine x3  
  169  10:32  Marine  
  112  10:45  SCV, Ghost  
  112  10:47  Marine, Barracks  
  112  10:48  Planetary Fortress, Marine x3  
  117  10:50  Factory, Siege Tank  
  117  10:54  Marine  
  119  10:57  Sensor Tower  
  119  11:01  Marauder  
  121  11:04  Refinery x2  
  121  11:05  Marine  
  121  11:06  Medivac, Marine x2  
  121  11:07  Medivac  
  121  11:09  Marine  
  129  11:12  Marine  
  129  11:14  Marauder  
  132  11:20  SCV  
  132  11:21  Marine  
  132  11:23  Marauder, Siege Tank  
  132  11:24  Marauder, Marine  
  133  11:26  SCV  
  133  11:32  Marine  
  126  11:39  SCV, Marine  
  128  11:41  SCV x2, Liberator  
  128  11:43  SCV  
  133  11:51  SCV  
  133  11:52  Factory Tech Lab  
  133  11:53  SCV x2, Barracks Tech Lab  
  131  11:57  Marauder, Marine  
  131  12:01  Marauder, Marine x2, Sensor Tower, Liberator  
  138  12:04  SCV  
  138  12:08  Command Center  
  142  12:10  Marine  
  142  12:12  Siege Tank  
  142  12:13  Siege Tank  
  142  12:15  SCV  
  151  12:17  Marine  
  151  12:19  Marine  
  151  12:20  Marine x2  
  151  12:21  Enhanced Shockwaves  
  154  12:24  Marauder, Marine  
  157  12:30  Marine  
  157  12:31  Marauder  
  157  12:35  Marine  
  161  12:37  Marine x2  
  161  12:38  Marauder  
  161  12:42  Marauder  
  167  12:44  Siege Tank  
  167  12:45  Terran Vehicle Weapons Level 2, Marine, Barracks Tech Lab  
  167  12:48  Marine  
  167  12:51  Siege Tank  
  175  12:54  Marine  
  176  13:00  Marauder x2  
  176  13:03  Marine  
  174  13:07  Marine  
  174  13:08  Marauder  
  174  13:10  Medivac  
  166  13:16  Siege Tank  
  166  13:19  Marine  
  172  13:23  Siege Tank  
  159  13:28  Marine  
  159  13:29  Medivac, Marauder  
  159  13:34  Marauder x2, Marine x2  
  159  13:40  Medivac  
  158  13:42  Marine  
  158  13:48  Siege Tank  
  158  13:52  SCV x2  
  160  13:56  Terran Infantry Armor Level 3  
  160  14:01  Marine  
  160  14:02  Missile Turret, Marine  
  167  14:03  Missile Turret, Marine  
  167  14:04  Marine  
  167  14:05  Marauder, Marine  
  167  14:07  Marine  
  160  14:17  Marine  
  160  14:19  SCV x2, Marine  
  160  14:20  Liberator, Siege Tank  
  160  14:21  Medivac  
  160  14:24  SCV  
  172  14:27  Missile Turret  
  172  14:28  Missile Turret  
  172  14:29  SCV  
  172  14:30  Marine x2  
  175  14:33  Planetary Fortress  
  175  14:35  SCV  
  175  14:36  SCV  
  172  14:38  SCV  
  172  14:48  Marine x2, Siege Tank  
  172  14:49  Marine  
  172  14:51  Medivac  
  172  14:52  Siege Tank  
  172  14:54  SCV x2  
  172  14:55  SCV x2  
  174  15:02  Sensor Tower  
  174  15:03  Personal Cloaking  
  174  15:07  SCV  
  175  15:08  Orbital Command  
  175  15:11  Marine  
  175  15:12  Marauder  
  167  15:14  Marauder  
  167  15:16  Marine x2  
  167  15:20  Siege Tank  
  167  15:21  Sensor Tower  
  169  15:22  Refinery x2  
  169  15:24  Ghost Academy  
  169  15:27  SCV x2  
  161  15:29  SCV x2  
  161  15:34  SCV  
  166  15:39  SCV  
  166  15:42  Engineering Bay  
  161  15:44  Siege Tank  
  148  15:52  Siege Tank  
  148  15:53  SCV x2, Marine  
  154  15:57  Medivac x2  
  154  16:01  Nuke  
  154  16:02  Ghost  
  155  16:12  Marauder x2, Marine x4  
  155  16:13  Marauder, Marine  
  155  16:16  Siege Tank  
  168  16:24  Siege Tank  
  145  16:29  Marine  
  145  16:30  Marine x2  
  145  16:31  SCV x2  
  143  16:35  SCV x2  
  143  16:36  Liberator  
  148  16:43  SCV x2  
  148  16:44  Missile Turret  
  148  16:45  Ghost  
  148  16:46  SCV  
  149  16:48  SCV  
  149  16:49  SCV  
  161  17:06  Viking  
  159  17:12  Nuke  
  159  17:14  Terran Infantry Weapons Level 3  
  155  17:19  Viking  
  155  17:20  Ghost x4  
  159  17:23  Refinery  
  161  17:36  Viking, Command Center  
  160  17:38  Thor  
  160  17:41  Thor  
  160  17:42  Missile Turret  
  160  17:43  Missile Turret  
  170  17:44  Missile Turret  
  170  17:46  Ghost  
  170  17:49  Viking  
  174  17:52  Ghost  
  174  17:57  Ghost  
  180  18:16  Viking  
  180  18:18  Viking  
  180  18:19  Marine x2  
  184  18:21  Thor  
  184  18:22  Missile Turret  
  184  18:23  Missile Turret  
  184  18:24  Thor  
  194  18:28  Missile Turret  
  196  18:36  Marine  
  195  18:46  Viking  
  195  18:48  Viking  
  188  18:57  Ghost  
  188  19:01  Missile Turret  
  189  19:03  Thor  
  189  19:09  Terran Vehicle Weapons Level 3  
  195  19:16  Viking  
  196  19:18  Command Center, Liberator  
  196  19:21  Command Center  
  196  19:22  Sensor Tower  
  199  19:30  Command Center  
  197  19:36  Planetary Fortress  
  197  19:37  Thor  
  199  19:40  Refinery  
  199  19:41  Refinery  
  199  19:44  Nuke  
  195  19:52  Missile Turret  
  195  19:54  Nuke  
  195  19:55  Neosteel Armor  
  195  20:01  Missile Turret  
  195  20:02  Sensor Tower  
  197  20:22  Armory  
  197  20:33  Missile Turret  
  197  20:34  Orbital Command x2  
  197  20:38  Ghost Academy x2  
  186  20:51  Starport  
  186  20:52  Starport  
  186  20:55  Fusion Core  
  183  21:06  Viking x2, Thor x2  
  199  21:14  Orbital Command  
  199  21:18  Nuke  
  199  21:25  Nuke  
  199  21:29  Nuke  
  199  21:37  Starport Tech Lab  
  199  21:38  Starport Tech Lab  
  199  21:46  Terran Ship Weapons Level 1  
  199  21:55  Command Center  
  199  21:59  Weapon Refit  
  197  22:14  Battlecruiser  
  196  22:40  Battlecruiser  
  196  22:42  Ghost, Nuke  
  196  22:44  Nuke x2  
  197  22:53  Command Center, Missile Turret  
  197  22:56  Command Center  
  193  22:59  Ghost x2  
  183  23:06  Ghost x2  
  183  23:09  Planetary Fortress  
  183  23:11  Ghost  
  188  23:12  SCV x2  
  188  23:20  SCV x2  
  188  23:21  Refinery  
  188  23:22  Refinery  
  185  23:32  Armory, Battlecruiser  
  189  23:40  Terran Vehicle And Ship Armor Level 1  
  186  23:48  Nuke  
  186  23:55  Battlecruiser  
  190  24:04  Siege Tank  
  182  24:17  Ghost  
  182  24:18  Ghost  
  180  24:40  Battlecruiser  
  180  24:42  Terran Ship Weapons Level 2  
  186  24:48  Planetary Fortress  
  186  24:52  Corvid Reactor  
  182  25:01  Refinery x2  
  182  25:02  Nuke  
  179  25:15  Battlecruiser  
  179  25:17  Missile Turret  
  185  25:24  Nuke  
  185  25:25  Orbital Command  
  183  25:32  Siege Tank  
  183  25:44  Battlecruiser  
  183  25:45  Nuke  
  183  25:48  Terran Vehicle And Ship Armor Level 2  
  189  26:03  Nuke  
  189  26:04  SCV x3  
  189  26:05  SCV  
  191  26:19  Battlecruiser  
  185  26:47  SCV  
  185  26:48  SCV x4, Battlecruiser  
  185  26:49  SCV  
  185  26:51  Starport  
  195  27:35  Battlecruiser  
  197  27:41  Starport Tech Lab  
  197  27:42  Terran Ship Weapons Level 3, Liberator  
  194  27:48  Hellion x2  
  192  27:53  Battlecruiser  
  192  27:55  Marine  
  192  27:56  Marauder x3, Marine  
  197  28:10  Battlecruiser  
  197  28:12  Ghost  
  189  28:15  SCV  
  189  28:17  Ghost, Marauder  
  194  28:21  Siege Tank x2  
  194  28:23  Command Center  
  200  28:30  Command Center  
  200  28:47  Marauder x2, Marine x4  
  200  28:48  Marauder  
  187  28:50  SCV x2  
  187  28:51  SCV  
  187  28:52  SCV x2  
  191  29:01  SCV x2  
  191  29:02  Orbital Command  
  190  29:07  SCV  
  190  29:08  SCV x3  
  194  29:14  Marine x2  
  197  29:21  Refinery  
  196  29:26  Sensor Tower  
  196  29:34  Siege Tank  
  199  29:39  Missile Turret  
  197  29:46  Sensor Tower  
  192  30:01  Siege Tank  
  192  30:03  Viking  
  189  30:09  Marine  
  137  30:37  SCV  
  137  30:38  SCV x2  
  137  30:40  Marine x2  
  137  30:41  Planetary Fortress  
  143  30:42  SCV  
  143  30:50  SCV  
  143  30:53  SCV  
  146  30:57  Marine  
  146  30:59  Marine  
  146  31:01  Marine  
  146  31:02  Marine  
  149  31:04  Marine  
  149  31:05  Marine x2  

Tags
 
Add a new tag
Caveats
  • Supply blocks, unpowered buildings, or Contaminate may cause inaccurate times.
  • Supply counts are checked every 10 seconds.